 Dungeon Crawl Stone Soup version 0.25.1-8-g42b30a86e7 (webtiles) character file.

Game seed: 17575211938315223032

142953 OdinFK the Devastator (level 16, -12/139 HPs)
             Began as a Yellow Draconian Conjurer on Dec 4, 2020.
             Was a High Priest of Sif Muna.
             Killed from afar by an efreet (illusionary) (43 damage)
             ... with a bolt of fire
             ... on level 14 of the Dungeon on Dec 5, 2020.
             The game lasted 03:27:25 (28502 turns).

OdinFK the Devastator (Yellow Draconian Conjurer)  Turns: 28502, Time: 03:27:25

Health: -12/139    AC: 17    Str: 11    XL:     16   Next: 51%
Magic:  2/34       EV: 15    Int: 22    God:    Sif Muna [*****.]
Gold:   1422       SH: 13    Dex: 16    Spells: 12/44 levels left

rFire    . . .     SeeInvis .   K - +8 long sword (holy)
rCold    . . .     Gourm    .   G - +3 buckler {AC+3}
rNeg     . . .     Faith    .   (armour unavailable)
rPois    +         Spirit   .   (helmet restricted)
rElec    .         Reflect  +   W - +0 cloak
rCorr    +         Harm     .   V - +2 pair of gloves
MR       ++...                  T - +0 pair of boots
Stlth    ++........             j - amulet "Mimil" {Reflect rPois Dex+4 SH+5}
HPRegen  0.33/turn              (no ring)
MPRegen  0.24/turn              F - ring of protection from magic

@: no status effects
A: spit acid, unfitting armour, acidic bite, cold-blooded, acid resistance, AC
+9
}: 1/15 runes: decaying
a: Breathe Acid, Channel Magic, Forget Spell, Divine Exegesis, Renounce Religion


You were on level 14 of the Dungeon.
You worshipped Sif Muna.
Sif Muna was extremely pleased with you.
You were hungry.

You visited 4 branches of the dungeon, and saw 26 of its levels.
You visited 1 bazaar.

You collected 2590 gold pieces.
You spent 1168 gold pieces at shops.

Inventory:

Hand Weapons
 K - a +8 long sword of holy wrath (weapon)
 X - the +12 scythe "Killer Klown's Regret" {vorpal, rElec}
   (You found it on level 3 of the Swamp)

   It inflicts extra damage upon your enemies.
   It insulates you from electricity.
Missiles
 a - 37 poisoned darts (quivered)
 O - 8 atropa-tipped darts
 S - 8 curare-tipped darts
Armour
 G - a +3 buckler of protection (worn)
 T - a +0 pair of boots (worn)
 V - a +2 pair of gloves (worn)
 W - a +0 cloak (worn)
Jewellery
 e - an uncursed ring of positive energy
 j - the amulet "Mimil" (around neck) {Reflect rPois Dex+4 SH+5}
   (You bought it in a shop in a bazaar)

   [amulet of reflection]

   It shields you and reflects attacks.
   It affects your dexterity (+4).
   It protects you from poison.
   It affects your SH (+5).
 n - a +4 ring of evasion
 p - an uncursed ring of fire
 F - a ring of protection from magic (right hand)
 P - an uncursed ring of protection from cold
 Z - an uncursed ring of protection from fire
Wands
 s - a wand of flame (18)
 N - a wand of clouds (22)
 Q - a wand of iceblast (27)
 R - a wand of digging (4)
 U - a wand of paralysis (20)
 Y - a wand of acid (6)
Scrolls
 f - 4 scrolls of vulnerability
 i - 3 scrolls of identify
 t - 12 scrolls of teleportation
 u - 11 scrolls of remove curse
 v - a scroll of magic mapping
 x - 3 scrolls of blinking
 y - a scroll of fear
 C - 3 scrolls of enchant armour
 D - 2 scrolls of fog
 E - a scroll of amnesia
 J - a scroll of holy word
 M - 2 scrolls of summoning
Potions
 c - 8 potions of curing
 g - 2 potions of invisibility
 h - 7 potions of haste
 k - 2 potions of cancellation
 l - 4 potions of brilliance
 m - a potion of might
 o - 2 potions of ambrosia
 q - 3 potions of flight
 r - a potion of resistance
 w - 9 potions of heal wounds
 B - 3 potions of lignification
 H - a potion of magic
Comestibles
 b - 43 rations
 d - 3 chunks of flesh


   Skills:
 - Level 12.0 Fighting
 - Level 2.0 Long Blades
 - Level 2.0 Throwing
 - Level 4.5 Dodging
 - Level 1.7 Stealth
 - Level 5.0 Shields
 + Level 14.7 Spellcasting
 - Level 15.0 Conjurations
 - Level 3.0 Hexes
 - Level 3.0 Translocations
 + Level 11.6 Fire Magic
 - Level 10.0 Air Magic
 - Level 4.0 Invocations


You had 12 spell levels left.
You knew the following spells:

 Your Spells              Type           Power        Failure   Level  Hunger
a - Airstrike             Air            ######....   1%          4    None
b - Searing Ray           Conj           ######       0%          2    None
c - Fulminant Prism       Conj/Hex       ######....   1%          4    None
d - Iskenderun's Mystic   Conj/Tloc      ######..     1%          4    None
e - Animate Skeleton      Necr           N/A          3%          1    None
f - Lightning Bolt        Conj/Air       ######....   1%          5    ###....
g - Fireball              Conj/Fire      ######....   1%          5    ###....
h - Orb of Destruction    Conj           ######....   7%          7    ######.

Your spell library contained the following spells:

 Spells                   Type           Power        Failure   Level  Hunger
 Foxfire                  Conj/Fire      ####         0%          1    None
 Magic Dart               Conj           ####         0%          1    None
 Apportation              Tloc           ####..       1%          1    None
 Corona                   Hex            ####...      1%          1    None
 Shock                    Conj/Air       ####         1%          1    None
 Blink                    Tloc           N/A          1%          2    None
 Corpse Rot               Necr/Air       N/A          1%          2    None
 Poisonous Vapours        Pois/Air       #####.       1%          2    None
 Slow                     Hex            ####....     1%          2    None
 Swiftness                Chrm/Air       #####...     1%          2    None
 Conjure Flame            Conj/Fire      ######..     1%          3    None
 Dazzling Flash           Conj/Hex       ######       1%          3    None
 Inner Flame              Hex/Fire       #####...     1%          3    None
 Mephitic Cloud           Conj/Pois/Air  ######..     1%          3    None
 Static Discharge         Conj/Air       ######..     1%          3    None
 Hailstorm                Conj/Ice       #####...     1%          4    None
 Sticky Flame             Conj/Fire      ######..     1%          4    None
 Bolt of Magma            Conj/Fire/Erth ######....   2%          5    ###....
 Starburst                Conj/Fire      ######....   2%          6    #####..
 Freeze                   Ice            ###.         3%          1    None
 Sandblast                Erth           ###...       3%          1    None
 Sting                    Tmut/Pois      ###.         3%          1    None
 Summon Small Mammal      Summ           ###.         3%          1    None
 Ensorcelled Hibernation  Hex/Ice        ###...       3%          2    None
 Confusing Touch          Hex            ####....     3%          3    None
 Gell's Gravitas          Tloc           ####......   3%          3    None
 Portal Projectile        Hex/Tloc       ####..       3%          3    None
 Conjure Ball Lightning   Conj/Air       ######....   3%          6    #####..
 Irradiate                Conj/Tmut      #####.....   4%          5    ###....
 Iskenderun's Battlesphe  Conj/Chrm      #####...     4%          5    ###....
 Call Imp                 Summ           ###.....     5%          2    None
 Passwall                 Tmut/Erth      ###.....     5%          2    None
 Silence                  Hex/Air        #####.....   7%          5    ###....
 Frozen Ramparts          Ice            ###...       11%         3    None
 Ozocubu's Armour         Chrm/Ice       ###.....     11%         3    None
 Spider Form              Tmut/Pois      ###.......   11%         3    None
 Cause Fear               Hex            ####......   11%         4    None
 Freezing Cloud           Conj/Ice/Air   ######....   19%         6    #####..
 Petrify                  Tmut/Erth      ###.....     36%         4    None
 Summon Ice Beast         Ice/Summ       ###.....     36%         4    None
 Metabolic Englaciation   Hex/Ice        ###.......   50%         5    ###....
 Yara's Violent Unravell  Hex/Tmut       ###.......   50%         5    ###....
 Alistair's Intoxication  Tmut/Pois      ###.....     71%         5    ###....
 Aura of Abjuration       Summ           ###.......   71%         5    ###....
 Borgnjor's Vile Clutch   Necr/Erth      ###.......   71%         5    ###....
 Spellforged Servitor     Conj/Summ      #####.....   82%         7    ######.
 Chain Lightning          Conj/Air       ######....   82%         8    #######
 Lehudib's Crystal Spear  Conj/Erth      #####.....   100%        8    #######
 Summon Horrible Things   Summ           ###.......   100%        8    #######
 Fire Storm               Conj/Fire      ######....   100%        9    #######
 Shatter                  Erth           ###.......   100%        9    #######
 Tornado                  Air            ######....   100%        9    #######


Dungeon Overview and Level Annotations

Branches:
Dungeon (14/15)            Temple (0/1) D:7            Lair (6/6) D:10
  Swamp (4/4) Lair:3        Snake (0/4) Lair:4        Slime (0/5) Lair:6
    Orc (2/2) D:12            Elf (0/3) Orc:2
 Vaults: D:13-14

Altars:
Ashenzari
Cheibriados
Dithmenos
Hepliaklqana
Kikubaaqudgha
Makhleb
Nemelex Xobeh
Ru
Sif Muna
Trog
Wu Jian
Zin

Shops:
D:6 =   D:9 *   Orc:1 *   Orc:2 !%??

Annotations:
D:2 Terence
Swamp:2 3 runed translucent doors, Eteim's ghost, adept FoFi; Qagairip's ghost, journeyman MiBe; Uhagir's ghost, adept GrFi


Innate Abilities, Weirdness & Mutations

You can spit globs of acid.
Your golden yellow scales are hard. (AC +9)
You cannot fit into any form of body armour.
You have acidic saliva.
You are cold-blooded and may be slowed by cold attacks.
You are resistant to acid. (rCorr)


Message History

The bolt of fire hits your kobold demonologist skeleton!
Your kobold demonologist skeleton is destroyed!
The bolt of fire misses you.
The rakshasa weaves an illusion.
The efreet shimmers and seems to become two!
The efreet gestures at you. The bolt of fire hits you!!
The efreet gestures at you. The bolt of fire hits you!
The rakshasa blinks!
The efreet gestures at you.
The fireball explodes!
The fireball engulfs you!!
* * * LOW HITPOINT WARNING * * *
You're wearing all the rings you can.
Remove which one? (? for menu, Esc to cancel) < or
n - a +4 ring of evasion > or
F - a ring of protection from magic You remove your +4 ring of evasion.
The efreet gestures at you. The bolt of fire hits you!!!
You die...

...C...........C...##
.................###
##################
##### .○.## R☼.# #§○#
##################○.#
##..........@....)R☼☼#
#.................R.##
#..##################
#.%###################
#...........%)†.....<#
##..................##
####################


You could see 2 efreet.

Vanquished Creatures
  Jorgrun (Orc:1)
  Kirke (Swamp:1)
  Donald (Swamp:3)
  A fire dragon (Lair:1)
  Josephine (Swamp:1)
  23 hydras
  A ghost crab (Swamp:3)
  11 alligators
  Erica (D:8)
  An ogre mage (Orc:2)
  A shambling mangrove (Swamp:3)
  A death knight (D:14)
  7 two-headed ogres
  2 spriggan druids
  2 deep trolls (Orc:1)
  A skeletal warrior (D:14)
  An unseen horror (D:11)
  2 sea snakes
  Pikel (D:6)
  4 orc knights
  9 swamp dragons
  3 harpies (Lair:6)
  5 ugly things
  2 manticores
  A wolf spider zombie (D:14)
  2 deep elf magi
  4 cyclopes
  5 elephants
  Joseph (D:10)
  2 centaur zombies (D:14)
  2 black mambas
  A molten gargoyle (Lair:1)
  A gargoyle (D:13)
  12 spiny frogs
  2 kobold demonologists (D:14)
  3 rime drakes
  9 komodo dragons
  A wind drake (Lair:6)
  3 polar bears (Lair:6)
  12 trolls
  Prince Ribbit (D:8)
  11 blink frogs
  Grinder (D:4)
  7 hornets
  4 tyrant leeches
  11 bog bodies
  17 slime creatures
  8 hippogriffs
  2 dream sheep
  A spriggan (shapeshifter) (D:14)
  A redback (shapeshifter) (D:14)
  A fire elemental (Lair:1)
  2 vampires
  10 spriggans
  Eustachio (D:5)
  6 shadows
  62 yaks
  6 wyverns
  4 basilisks
  A fire bat (shapeshifter) (D:14)
  5 wraiths
  3 hogs (Swamp:1)
  Grum (Lair:1)
  7 vampire mosquitoes (Swamp:1)
  3 wargs
  Menkaure (D:5)
  16 insubstantial wisps
  2 nagas (Lair:4)
  An acid dragon (D:14)
  11 water moccasins
  12 swamp worms
  10 porcupines
  15 swamp drakes
  18 orc warriors
  3 sky beasts
  2 black bears
  3 ice beasts
  A phantom (D:6)
  3 slaves (D:6)
  14 ogres
  14 wolves
  14 crocodiles
  4 centaurs
  3 big kobolds
  17 bullfrogs
  A gnoll sergeant (Orc:1)
  6 jellies
  A water moccasin skeleton (D:5)
  A scorpion (D:14)
  11 killer bees
  3 wights (D:12)
  2 electric eels
  3 howler monkeys
  6 crimson imps
  3 quasits
  2 centaur skeletons
  A hound (D:9)
  4 bullfrog skeletons
  13 orc priests
  14 orc wizards
  3 hell rats (Lair:3)
  Natasha (D:2)
  3 iguanas
  13 worker ants
  A killer bee zombie (D:6)
  A hound zombie (D:8)
  3 worker ant zombies
  A river rat (Lair:3)
  8 adders
  3 shadow imps
  An adder skeleton (D:10)
  2 worms (D:3)
  3 dart slugs
  4 leopard geckos
  74 orcs
  2 ball pythons
  A giant cockroach (D:5)
  6 goblins
  12 hobgoblins
  5 jackals
  22 kobolds
  4 quokkas
  10 bats
  8 frilled lizards
  17 rats
  A fire vortex (Lair:1)
  A fungus (Lair:4)
  A plant (Lair:5)
766 creatures vanquished.

Vanquished Creatures (collateral kills)
  5 hydras
  A merfolk avatar (Lair:6)
  An ogre mage (Orc:2)
  8 alligators
  A centaur warrior (D:14)
  4 two-headed ogres (Orc:2)
  A swamp dragon (Swamp:4)
  A lindwurm (Lair:4)
  A cyclops (D:14)
  An ugly thing (D:14)
  2 centaur zombies
  An elephant (Lair:4)
  2 spiny frogs (Lair:6)
  3 centaur skeletons
  A redback zombie (D:14)
  2 trolls
  A polar bear (Lair:5)
  3 hornets
  2 tyrant leeches
  A slime creature (Lair:6)
  3 bog bodies
  2 hippogriffs
  8 dream sheep
  A wraith (Swamp:1)
  9 yaks
  3 insubstantial wisps
  3 swamp worms (Swamp:4)
  A soldier ant (D:13)
  3 water moccasins
  A hornet zombie (D:14)
  A swamp drake (D:12)
  5 orc warriors
  11 ogres
  A wolf (Lair:1)
  A centaur (D:14)
  A crocodile (D:12)
  3 bullfrogs
  A crimson imp (D:14)
  A jelly (Lair:6)
  3 orc wizards
  A hell rat (Lair:3)
  A worker ant (D:14)
  4 river rats (Lair:3)
  An adder (D:12)
  8 orcs
  A quokka (D:12)
  A butterfly (Lair:5)
  A fungus (Lair:3)
  A plant (Lair:4)
123 creatures vanquished.

Vanquished Creatures (others)
  A hornet (Swamp:1)
  98 fulminant prisms
  33 fungi
  17 plants
  4 withered plants (Swamp:2)
153 creatures vanquished.

Grand Total: 1042 creatures vanquished

Notes
Turn   | Place    | Note
-------+----------+-------------------------------------------
     0 | D:1      | OdinFK the Draconian Conjurer began the quest for the Orb.
     0 | D:1      | Reached XP level 1. HP: 14/14 MP: 3/3
   251 | D:1      | Reached XP level 2. HP: 22/22 MP: 1/5
   255 | D:1      | Learned a level 2 spell: Searing Ray
   354 | D:1      | Reached skill level 1 in Fighting
   660 | D:1      | Reached XP level 3. HP: 28/28 MP: 3/6
   930 | D:2      | Found a snail-covered altar of Cheibriados.
  1095 | D:2      | Found an ornate altar of the Wu Jian Council.
  1327 | D:2      | Noticed Natasha
  1353 | D:2      | Noticed Terence
  1610 | D:2      | Killed Natasha
  1610 | D:2      | Reached skill level 1 in Throwing
  1610 | D:2      | Reached XP level 4. HP: 36/36 MP: 6/8
  1616 | D:2      | Learned a level 4 spell: Fulminant Prism
  1699 | D:3      | Found a faded altar of an unknown god.
  2018 | D:3      | Found a sacrificial altar of Ru.
  2022 | D:3      | Found a burning altar of Makhleb.
  2498 | D:3      | Reached XP level 5. HP: 34/41 MP: 6/9
  2553 | D:4      | Noticed Grinder
  2569 | D:4      | Paralysed by Grinder for 6 turns
  2584 | D:4      | Paralysed by Grinder for 3 turns
  2803 | D:4      | Reached skill level 5 in Conjurations
  2892 | D:4      | Noticed an ogre
  3032 | D:4      | Killed an ogre
  3032 | D:4      | Reached skill level 6 in Conjurations
  3032 | D:4      | Reached XP level 6. HP: 33/48 MP: 12/12
  3190 | D:4      | Paralysed by Grinder for 5 turns
  3195 | D:4      | Killed Grinder
  3195 | D:4      | Your scales start taking on a golden yellow colour.
  3195 | D:4      | Reached XP level 7. HP: 56/56 MP: 4/13
  3195 | D:4      | Gained mutation: You are resistant to acid. (rCorr) [Yellow
                  | Draconian growth]
  3386 | D:4      | Found a shimmering blue altar of Sif Muna.
  3394 | D:4      | Became a worshipper of Sif Muna the Loreminder
  3479 | D:5      | Entered Level 5 of the Dungeon
  3485 | D:5      | Learned a level 4 spell: Iskenderun's Mystic Blast
  3580 | D:5      | Found a hazy altar of Hepliaklqana.
  3734 | D:5      | Reached skill level 1 in Hexes
  3734 | D:5      | Reached skill level 1 in Translocations
  3737 | D:5      | Noticed Eustachio
  3754 | D:5      | Killed Eustachio
  3754 | D:5      | Reached skill level 5 in Spellcasting
  3979 | D:5      | Noticed Menkaure
  3983 | D:5      | Killed Menkaure
  3983 | D:5      | Reached skill level 7 in Conjurations
  3983 | D:5      | Reached XP level 8. HP: 66/66 MP: 11/16
  4518 | D:6      | Found Gizxof's Jewellery Shop.
  4598 | D:6      | Noticed Pikel
  4611 | D:6      | Killed Pikel
  4611 | D:6      | Reached skill level 8 in Conjurations
  4611 | D:6      | Reached skill level 1 in Invocations
  4883 | D:6      | Reached XP level 9. HP: 19/72 MP: 2/18
  5126 | D:7      | Reached skill level 5 in Fighting
  5237 | D:7      | Found a staircase to the Ecumenical Temple.
  5319 | D:7      | Found a shattered altar of Ashenzari.
  5357 | D:7      | Found an ancient bone altar of Kikubaaqudgha.
  5357 | D:7      | Found a bloodstained altar of Trog.
  5359 | D:7      | Found a glowing silver altar of Zin.
  5528 | D:8      | Reached * piety under Sif Muna
  5604 | D:8      | Noticed Erica
  5745 | D:8      | Noticed Prince Ribbit
  5754 | D:8      | Killed Prince Ribbit
  6260 | D:9      | Found Han Eseuci's Assorted Antiques.
  6268 | D:9      | Bought a paperback book for 360 gold pieces
  6270 | D:9      | Learned a level 1 spell: Animate Skeleton
  6299 | D:9      | Reached skill level 1 in Shields
  6367 | D:9      | Found a sparkling altar of Nemelex Xobeh.
  6550 | D:9      | Bought a scroll labeled IPSUWE SEOGAI for 24 gold pieces
  6644 | D:9      | Found a shadowy altar of Dithmenos.
  6645 | D:9      | Found a hazy altar of Hepliaklqana.
  6788 | D:10     | Entered Level 10 of the Dungeon
  6796 | D:10     | Reached XP level 10. HP: 82/83 MP: 15/22
  6799 | D:10     | Reached ** piety under Sif Muna
  6942 | D:10     | Noticed an elephant
  7052 | D:10     | Noticed a two-headed ogre
  7299 | D:10     | Found a shadowy altar of Dithmenos.
  7410 | D:10     | Killed a two-headed ogre
  7410 | D:10     | Reached skill level 9 in Conjurations
  7521 | D:10     | Killed an elephant
  7672 | D:10     | Found a staircase to the Lair.
  7673 | D:10     | Noticed Joseph
  7688 | D:10     | Killed Joseph
  7883 | D:11     | Reached *** piety under Sif Muna
  8023 | D:11     | Reached XP level 11. HP: 70/94 MP: 24/24
  8188 | D:11     | Killed an unseen horror
  8188 | D:11     | Reached skill level 10 in Conjurations
  8307 | D:11     | Learned a level 4 spell: Airstrike
  8313 | D:11     | Learned a level 5 spell: Lightning Bolt
  8398 | Lair:1   | Entered Level 1 of the Lair of Beasts
  8476 | Lair:1   | Learned a level 5 spell: Fireball
  8487 | Lair:1   | Reached skill level 1 in Air Magic
  8505 | Lair:1   | Reached skill level 1 in Fire Magic
  8543 | Lair:1   | Noticed Grum
  8552 | Lair:1   | Killed Grum
  8557 | Lair:1   | Reached **** piety under Sif Muna
  8712 | Lair:1   | Noticed a fire dragon
  8899 | Lair:1   | Reached skill level 10 in Spellcasting
  9593 | Lair:2   | Reached skill level 5 in Air Magic
 10134 | Lair:3   | Got a jewelled battleaxe
 10149 | Lair:3   | Reached XP level 12. HP: 102/102 MP: 10/26
 10224 | Lair:3   | Found a staircase to the Swamp.
 10324 | Lair:3   | Reached ***** piety under Sif Muna
 10342 | Lair:3   | Identified Sif Muna's Compendium of Poisoning (Sif Muna
                  | gifted it to you on level 3 of the Lair of Beasts)
 10342 | Lair:3   | Received a gift from Sif Muna
 11227 | Lair:4   | Found a staircase to the Snake Pit.
 11234 | Lair:4   | Reached skill level 5 in Fire Magic
 11531 | Lair:4   | Noticed an eight-headed hydra
 11544 | Lair:4   | Killed an eight-headed hydra
 11783 | Lair:5   | Noticed an eight-headed hydra
 11793 | Lair:5   | Killed an eight-headed hydra
 11988 | Lair:5   | Reached skill level 11 in Conjurations
 12504 | Lair:1   | Killed a fire dragon
 12696 | D:8      | Killed Erica
 12696 | D:8      | Reached XP level 13. HP: 101/113 MP: 5/28
 12839 | D:6      | Bought an uncursed ring of poison resistance for 220 gold
                  | pieces
 13060 | D:12     | Identified Sif Muna's Papyrus of Cloudy Conjuration (Sif
                  | Muna gifted it to you on level 12 of the Dungeon)
 13060 | D:12     | Received a gift from Sif Muna
 13077 | D:12     | Reached skill level 10 in Fighting
 13529 | D:12     | Found a staircase to the Orcish Mines.
 14293 | D:13     | Reached skill level 12 in Conjurations
 14481 | D:13     | Identified Koomir's Disquisition on Dusty Malediction (Sif
                  | Muna gifted it to you on level 13 of the Dungeon)
 14481 | D:13     | Received a gift from Sif Muna
 15302 | D:14     | Found a flickering gateway to a bazaar.
 15317 | Bazaar   | Entered a bazaar
 15345 | Bazaar   | Found Namuem's Gadget Shoppe.
 15378 | Bazaar   | Found Xoed's Book Shoppe.
 15426 | Bazaar   | Found Uproboir's Book Boutique.
 15460 | Bazaar   | Found Vautu's Jewellery Shoppe.
 15500 | Bazaar   | Bought the amulet "Mimil" {Reflect rPois Dex+4 SH+5} for
                  | 347 gold pieces
 16036 | D:14     | Gained mutation: You have acidic saliva. [Yellow Draconian
                  | growth]
 16036 | D:14     | Reached XP level 14. HP: 55/122 MP: 8/30
 16810 | Lair:6   | Entered Level 6 of the Lair of Beasts
 17185 | Lair:5   | Paralysed by a hornet for 3 turns
 17603 | Lair:6   | Reached skill level 5 in Shields
 17607 | Lair:6   | Identified Sif Muna's Tome of Confrontation (Sif Muna
                  | gifted it to you on level 6 of the Lair of Beasts)
 17607 | Lair:6   | Received a gift from Sif Muna
 18277 | Lair:6   | Found a staircase to the Slime Pits.
 18811 | Orc:1    | Entered Level 1 of the Orcish Mines
 18872 | Orc:1    | Noticed Jorgrun
 18883 | Orc:1    | Killed Jorgrun
 18883 | Orc:1    | Reached skill level 1 in Long Blades
 19666 | Orc:2    | Entered Level 2 of the Orcish Mines
 19671 | Orc:2    | Identified Sif Muna's Collected Works on Icy Confrontation
                  | (Sif Muna gifted it to you on level 2 of the Orcish Mines)
 19671 | Orc:2    | Received a gift from Sif Muna
 19793 | Orc:2    | Reached skill level 13 in Conjurations
 20372 | Orc:2    | Found a staircase to the Elven Halls.
 20492 | Orc:2    | Reached XP level 15. HP: 132/132 MP: 27/31
 20566 | Orc:2    | Reached skill level 10 in Air Magic
 20774 | Orc:2    | Found Xuycow's Distillery.
 20775 | Orc:2    | Found Diollowe's Food Shop.
 20780 | Orc:2    | Found Pyli's Magic Scroll Boutique.
 20781 | Orc:2    | Found Elyhiur's Magic Scroll Shop.
 20783 | Orc:2    | Bought a potion of magic for 112 gold pieces
 20859 | Orc:2    | Bought a scroll of enchant armour for 105 gold pieces
 20889 | Orc:1    | Found Odyssougri's Assorted Antiques.
 21156 | Swamp:1  | Entered Level 1 of the Swamp
 21612 | Swamp:1  | Identified Geocuff's Disquisition on Conjuration (Sif Muna
                  | gifted it to you on level 1 of the Swamp)
 21612 | Swamp:1  | Received a gift from Sif Muna
 21631 | Swamp:1  | Learned a level 7 spell: Orb of Destruction
 21644 | Swamp:1  | Noticed Kirke
 21846 | Swamp:1  | Noticed Josephine
 22021 | Swamp:1  | Killed Josephine
 22380 | Swamp:1  | Killed Kirke
 22793 | Swamp:2  | Found a runed translucent gate.
 22794 | Swamp:2  | Found a runed translucent gate.
 22795 | Swamp:2  | Found a runed translucent gate.
 22953 | Swamp:2  | Found a shimmering blue altar of Sif Muna.
 23660 | Swamp:2  | Reached skill level 14 in Conjurations
 23792 | Swamp:2  | Noticed Eteim's ghost (adept FoFi)
 23792 | Swamp:2  | Noticed Uhagir's ghost (adept GrFi)
 23792 | Swamp:2  | Noticed Qagairip's ghost (journeyman MiBe)
 23828 | Swamp:3  | Noticed Donald
 23835 | Swamp:3  | Killed Donald
 23835 | Swamp:3  | Reached skill level 10 in Fire Magic
 24259 | Swamp:2  | Identified Rynoep's Tome of Supportive Flight (Sif Muna
                  | gifted it to you on level 2 of the Swamp)
 24259 | Swamp:2  | Received a gift from Sif Muna
 25177 | Swamp:3  | Got a twisted scythe
 25272 | Swamp:3  | Found a bloodstained altar of Trog.
 25358 | Swamp:3  | Identified the +2 battleaxe of Patterns {freeze, *Corrode
                  | rElec rPois Int+4} (You found it on level 3 of the Lair of
                  | Beasts)
 25360 | Swamp:3  | Identified the +12 scythe "Killer Klown's Regret" {vorpal,
                  | rElec} (You found it on level 3 of the Swamp)
 25363 | Swamp:4  | Entered Level 4 of the Swamp
 25809 | Swamp:4  | Reached XP level 16. HP: 87/139 MP: 21/34
 27357 | Swamp:4  | Identified Sif Muna's Incunabulum of the Excruciating
                  | Compass (Sif Muna gifted it to you on level 4 of the Swamp)
 27357 | Swamp:4  | Received a gift from Sif Muna
 27795 | Swamp:4  | Got a decaying rune of Zot
 27918 | Swamp:4  | Reached skill level 15 in Conjurations
 28502 | D:14     | Killed from afar by an efreet (illusionary)

Illustrated notes

Levels and vault maps discovered:
D:1:      lightli_arrival_maybe_door_vault, layout_basic, grunt_decor_arrowhead,
          st_stairs_5
D:2:      layout_rooms, old_standard_altar, lemuel_coloured_pillars_altar,
          grunt_decor_clamped, kennysheep_path_1, uniq_natasha, uniq_terence
D:3:      layout_loops_corners, grunt_temple_overflow_open, first_ration,
          chequers_ecumenical_altar_simple_redux
D:4:      layout_basic, tgw_sif, uniq_grinder
D:5:      layout_loops_corners, basic_altar, uniq_menkaure, uniq_eustachio
D:6:      layout_basic, serial_shops, shop_fountains, uniq_pikel
D:7:      layout_cave_pools, ashenzari_altar_1,
          chequers_temple_overflow_statue_of_worship,
          minmay_temple_entry_gardened_gates
D:8:      layout_gridville, the_bakery, uniq_prince_ribbit1, uniq_erica
D:9:      layout_roguey, riverfiend_overflow_shadow_ancestor,
          nicolae_overflow_crystal_walls, serial_shops, nicolae_shop_waterfront
D:10:     layout_rooms, david_lair_generic, basic_altar, uniq_joseph
D:11:     layout_roguey, serial_glass, glass_columns_c, glass_columns_a,
          glass_columns_c, glass_columns_a, glass_columns_a, glass_columns_b,
          feat_on_display
D:12:     layout_stronghold, erik_orc_1
D:13:     layout_roguey
D:14:     minmay_nested_s, layout_basic, david_vaults_4, minmay_splitting_lines,
          serial_shops, bzr_entry_road
Lair:1:   dragon1_lemuel, layout_gridlike, nicolae_quartered_pool_medium,
          grunt_megastairs_5, uniq_grum
Lair:2:   layout_roguey, lemuel_fruit_fields, grunt_megastairs_2
Lair:3:   layout_long_grid, minmay_swamp_entry_wisps,
          chequers_serial_rivers_marsh, kennysheep_abandoned_house
Lair:4:   layout_regular_city, minmay_snake_entry_guardpost_small,
          beast_lair_carwin_4
Lair:5:   layout_loops_ring, nzn_random_ring, lemuel_fruit_fields,
          lemuel_fruit_fields, serial_bayou_shore_a
Lair:6:   gammafunk_lair_ancient_temple, layout_regular_city,
          minmay_slime_entry_pillars, infiniplex_staircase_pool_2
Swamp:1:  layout_basic_swamp, evilmike_swamp_ruin_house_2, swamp_pool3,
          uniq_kirke, uniq_josephine
Swamp:2:  layout_falls_marsh, gammafunk_ghost_cemetery,
          evilmike_swamp_ruin_rubble_2, swamp_pool1,
          nicolae_swamp_feature_on_the_river_bank
Swamp:3:  layout_falls_marsh, nicolae_swamp_godswood, swamp_pool4, uniq_donald
Swamp:4:  grunt_swamp_rune_castle, layout_basic_swamp, swamp_pool2
Orc:1:    layout_caves, serial_shops,
          nicolae_shop_temple_entry_statues_fountains, sword_in_stone,
          uniq_jorgrun
Orc:2:    st_orc_open, layout_diamond_mine

Skill      XL: |  1  2  3  4  5  6  7  8  9 10 11 12 13 14 15 16 |
---------------+-------------------------------------------------+-----
Dodging        | 2 3 4 |  4.5
Fighting       | 1 2 4 6 7 8 9 10 11 12 | 12.0
Throwing       | 1 2 |  2.0
Spellcasting   | 3 4 5 6 8 9 10 11 12 14 | 14.7
Conjurations   | 6 7 8 9 10 11 12 13 14 15 | 15.0
Hexes          | 1 2 3 |  3.0
Translocations | 1 2 3 |  3.0
Invocations    | 1 2 3 4 |  4.0
Shields        | 4 5 |  5.0
Air Magic      | 6 7 8 9 10 | 10.0
Fire Magic     | 4 6 8 10 11 | 11.6
Long Blades    | 2 |  2.0
Stealth        | |  1.7

Action                   |  1- 3 |  4- 6 |  7- 9 | 10-12 | 13-15 | 16-18 || total
-------------------------+-------+-------+-------+-------+-------+-------++-------
Melee: Club              |    11 |       |       |       |       |       ||    11
       Dagger            |    10 |       |       |       |       |       ||    10
       Tailslap          |     5 |     3 |     5 |    24 |    54 |     4 ||    95
       Short sword       |       |    24 |     6 |       |       |       ||    30
       Rapier            |       |       |    18 |       |       |       ||    18
       Whip              |       |       |    21 |   203 |   280 |       ||   504
       Long sword        |       |       |       |       |   152 |    20 ||   172
       Bite              |       |       |       |       |    31 |     3 ||    34
Throw: Dart              |     5 |    16 |    11 |    17 |    76 |       ||   125
 Cast: Magic Dart        |    44 |     5 |       |       |       |       ||    49
       Searing Ray       |    10 |    27 |    69 |   147 |   178 |    22 ||   453
       Iskenderun's Myst |       |       |     7 |    28 |    61 |    20 ||   116
       Fulminant Prism   |       |       |     4 |    35 |    53 |     6 ||    98
       Animate Skeleton  |       |       |     2 |    65 |   129 |    26 ||   222
       Lightning Bolt    |       |       |       |     6 |    10 |     2 ||    18
       Airstrike         |       |       |       |    19 |   232 |    94 ||   345
       Fireball          |       |       |       |     3 |    29 |     9 ||    41
       Orb of Destructio |       |       |       |       |     3 |       ||     3
Invok: Channel Magic     |       |       |       |       |     1 |       ||     1
 Abil: Breathe Acid      |       |       |       |     1 |    10 |     5 ||    16
Evoke: Wand              |       |       |       |       |    11 |     5 ||    16
  Use: Scroll            |       |       |    12 |    15 |    12 |     1 ||    40
       Potion            |       |       |       |     4 |     2 |       ||     6
 Stab: Sleeping          |     2 |     1 |     2 |     1 |       |       ||     6
       Distracted        |       |       |       |       |     3 |       ||     3
       Invisible         |       |       |       |       |     3 |       ||     3
  Eat: Chunk             |     3 |     6 |     9 |    26 |    43 |     7 ||    94
       Ration            |       |       |     1 |       |     2 |     1 ||     4
Armor: Skin              |     3 |    13 |    22 |    88 |   196 |    42 ||   364
Dodge: Dodged            |    11 |    26 |    69 |   122 |   369 |   102 ||   699
Block: Buckler           |       |       |     6 |   203 |   469 |     1 ||   679
       Other             |       |       |     3 |       |     5 |    30 ||    38
       Reflection        |       |       |     1 |    12 |    23 |     2 ||    38
       Rpst.: Long sword |       |       |       |       |    40 |    11 ||    51
